 Dungeon Crawl Stone Soup version 0.31.0-1-g2c135a008e (webtiles) character file.

Game seed: 10448817304717640502

338 qw the Shooter (level 6, -1/46 HPs)
             Began as a Djinni Hunter on Jan 23, 2024.
             Slain by Ijyb
             ... wielding a +2 dagger of flaming
              (5 damage)
             ... on level 3 of the Dungeon.
             The game lasted 00:00:07 (2001 turns).

qw the Shooter (Djinni Hunter)                      Turns: 2001, Time: 00:00:07

Health: -1/46      AC:  6    Str: 14    XL:     6   Next: 86%
Gold:   151        EV: 14    Int:  9    God:
                   SH:  0    Dex: 18

rFire   + + +        a - +2 shortbow
rCold   . . .        (shield currently unavailable)
rNeg    . . .        h - +2 robe {rC+ rF+}
rPois   inf          e - +0 helmet
rElec   .            f - +0 cloak
rCorr   .            (no gloves)
SInv    .            (boots unavailable)
Will    .....        (no amulet)
Stlth   ++           (no ring)
HPRegen 0.27/turn    (no ring)
MPRegen 0.00/turn

%: clarity, infuse magic (-2 HP)
@: flying
A: sickness immunity, fire resistance 2, cold vulnerability 1, float, innate
caster, HP casting, extra vitality 1, clarity, strong 1
a: no special abilities


You were on level 3 of the Dungeon.
You visited 1 branch of the dungeon, and saw 3 of its levels.

You collected 151 gold pieces.


Innate Abilities, Weirdness & Mutations

You are immune to sickness and miasma.
You are immune to poison.
Your flesh is very heat resistant. (rF++)
You are vulnerable to cold. (rC-)
You float through the air rather than walking.
You learn spells naturally, not from books.
Your magical power is your life essence.
You have superior vitality. (+4 MHP)
You possess an exceptional clarity of mind.
Your muscles are strong. (Str +4, Int/Dex -1)


   Skills:
 + Level 3.2 Fighting
 - Level 5.1 Ranged Weapons
 - Level 1.0 Armour
 - Level 4.0 Dodging
 - Level 0.7 Stealth


You knew the following spells:

 Your Spells              Type           Power      Damage    Failure   Level
a - Necrotise             Necr           0%         1d4       38%         1
b - Jinxbite              Hex            0%         N/A       52%         2
Your spell library was empty.

Inventory:

Hand Weapons
 a - a +2 shortbow (weapon)
Armour
 e - a +0 helmet (worn)
 f - a +0 cloak (worn)
 h - a +2 robe of resistance (worn)
Jewellery
 d - a ring of protection from fire
 k - a ring of protection from fire
Potions
 g - a potion of cancellation

Dungeon Overview and Level Annotations

Branches:
Dungeon (3/15)

Altars:
Zin

Annotations:
D:3 Ijyb


Message History

Ijyb zaps a wand.
The roots erupt in riotous growth!
The grasping roots grab you! The grasping roots constrict you.
You shoot an arrow. The arrow hits Ijyb.
Ijyb is moderately wounded.
The grasping roots constrict you.
You shoot an arrow. The arrow hits Ijyb but does no damage.
Ijyb is moderately wounded.
Ijyb hits you with a +2 dagger of flaming.
The grasping roots constrict you.
You shoot an arrow. The arrow hits Ijyb.
Ijyb is heavily wounded.
Ijyb hits you with a +2 dagger of flaming.
The grasping roots constrict you!
The grasping roots release their grip on you.
You shoot an arrow. The arrow hits Ijyb.
Ijyb is heavily wounded.
The goblin hits you but does no damage. Ijyb barely misses you.
You shoot an arrow. The arrow hits Ijyb.
Ijyb is heavily wounded.
The goblin hits you but does no damage.
Ijyb zaps a wand.
The roots erupt in riotous growth!
The grasping roots grab you!
The goblin is unaffected.
Ijyb is unaffected.
The grasping roots constrict you.
You shoot an arrow. The arrow barely misses Ijyb.
The goblin closely misses you.
Ijyb hits you with a +2 dagger of flaming.
The grasping roots constrict you.
You shoot an arrow. The arrow hits Ijyb but does no damage.
Ijyb is heavily wounded.
The goblin barely misses you.
Ijyb hits you with a +2 dagger of flaming.
The grasping roots constrict you. The goblin hits you but does no damage.
Ijyb misses you. The grasping roots constrict you.
The grasping roots release their grip on you.
You shoot an arrow. The arrow hits Ijyb.
Ijyb is severely wounded.
The goblin hits you but does no damage.
Ijyb hits you with a +2 dagger of flaming.
You die...

# ######### ###.##
#.......## #......
#.####...####.....#
#####.####......@g....#
#...#.##....(####g.....#
.........##.## ....#.#
#...#.#####.# .#.##
##.##.......# .#<..
#.##.####### .# ...
##.##.# .. ... ......#
.. ... ##.####


You could see Ijyb and a goblin.

Vanquished Creatures
  Sigmund (D:2)
  An ogre (D:2)
  4 adders
  3 dart slugs
  A ribbon worm (D:2)
  4 ball pythons
  8 endoplasms
  2 giant cockroaches
  A goblin (D:1)
  4 hobgoblins
  7 jackals
  8 kobolds
  2 quokkas
  5 bats
  3 frilled lizards
  2 rats
56 creatures vanquished.

Notes
Turn   | Place    | Note
-------+----------+-------------------------------------------
     0 | D:1      | qw the Djinni Hunter began the quest for the Orb.
     0 | D:1      | Reached XP level 1. HP: 18/18 MP: 0/0
     0 | D:1      | 0 ||| qw: Version: 0.3-a-134-g2ba4250
     0 | D:1      | 0 ||| qw: Game counter: 737
     0 | D:1      | 0 ||| qw: Melee chars always use a shield: true
     0 | D:1      | 0 ||| qw: God list: Okawaru
     0 | D:1      | 0 ||| qw: Allow faded altars: false
     0 | D:1      | 0 ||| qw: Do Orc after clearing Dungeon:15 true
     0 | D:1      | 0 ||| qw: Do second Lair branch before Depths: true
     0 | D:1      | 0 ||| qw: Lair rune preference: random
     0 | D:1      | 0 ||| qw: Goals: Normal
     0 | D:1      | 0 ||| PLANNING D:1-11
   102 | D:1      | Reached XP level 2. HP: 23/23 MP: 0/0
   220 | D:1      | Reached XP level 3. HP: 28/28 MP: 0/0
   220 | D:1      | Learned a level 1 spell: Necrotise
   235 | D:1      | Reached skill level 4 in Ranged Weapons
   599 | D:1      | Found a faded altar of an unknown god.
   709 | D:1      | 709 ||| UPGRADING to +0 helmet.
   714 | D:1      | 714 ||| UPGRADING to +0 cloak.
   719 | D:1      | 719 ||| UPGRADING to ring of protection from fire.
   720 | D:1      | 720 ||| READING scroll labelled UNKELO FIVVI.
   720 | D:1      | 720 ||| ENCHANTING +0 shortbow.
   721 | D:1      | 721 ||| READING 2 scrolls labelled MUTYAL CEWKU.
   721 | D:1      | 721 ||| IDENTIFYING fuming black potion
   722 | D:1      | 722 ||| READING scroll of identify.
   722 | D:1      | 722 ||| IDENTIFYING scroll labelled TURAZU XUDGH
   723 | D:1      | 723 ||| DROPPING scroll of butterflies.
   724 | D:1      | 724 ||| DROPPING scroll of revelation.
   925 | D:2      | Noticed an ogre
   926 | D:2      | 926 ||| RETREEEEATING.
   930 | D:2      | 930 ||| RETREEEEATING.
   933 | D:2      | 933 ||| RETREEEEATING.
   941 | D:2      | Reached skill level 3 in Fighting
   941 | D:2      | Reached XP level 4. HP: 35/35 MP: 0/0
   945 | D:2      | HP: 4/35 [ogre/+0 giant spiked club (15)]
   946 | D:2      | Killed an ogre
   947 | D:2      | Reached XP level 5. HP: 5/40 MP: 0/0
   947 | D:2      | Learned a level 2 spell: Jinxbite
  1430 | D:2      | Found a glowing silver altar of Zin.
  1505 | D:2      | Reached skill level 1 in Armour
  1608 | D:2      | Noticed Sigmund
  1612 | D:2      | 1612 ||| DRINKING red potion.
  1612 | D:2      | Gained mutation: Your muscles are strong. (Str +4, Int/Dex
                  | -1) [potion of mutation]
  1612 | D:2      | Gained mutation: You possess an exceptional clarity of
                  | mind. [potion of mutation]
  1613 | D:2      | 1613 ||| DRINKING bubbling dark potion.
  1624 | D:2      | Killed Sigmund
  1625 | D:2      | Reached skill level 5 in Ranged Weapons
  1625 | D:2      | Reached XP level 6. HP: 26/46 MP: 0/0
  1719 | D:2      | 1719 ||| READING scroll of enchant weapon.
  1719 | D:2      | 1719 ||| ENCHANTING +1 shortbow.
  1764 | D:2      | 1764 ||| FLEEEEING.
  1765 | D:2      | 1765 ||| FLEEEEING.
  1766 | D:2      | 1766 ||| FLEEEEING.
  1839 | D:2      | 1839 ||| UPGRADING to +2 robe of resistance.
  1849 | D:2      | 1849 ||| REMOVING ring of protection from fire.
  1850 | D:2      | 1850 ||| DROPPING +0 leather armour.
  1851 | D:2      | 1851 ||| READING 2 scrolls of identify.
  1851 | D:2      | 1851 ||| IDENTIFYING scroll labelled VETTYCW BASSUO
  1852 | D:2      | 1852 ||| READING scroll of identify.
  1852 | D:2      | 1852 ||| IDENTIFYING 2 scrolls labelled POWYIG EGUA
  1853 | D:2      | 1853 ||| DROPPING scroll of poison.
  1854 | D:2      | 1854 ||| DROPPING 2 scrolls of fear.
  1989 | D:3      | Noticed Ijyb
  2000 | D:3      | HP: 7/46 [constriction (6)]
  2000 | D:3      | HP: 3/46 [constriction (4)]
  2001 | D:3      | Slain by Ijyb

Levels and vault maps discovered:
D:1:      lightli_arrival_chessboard, layout_loops_cross,
          chequers_ecumenical_altar_grove
D:2:      layout_basic, basic_altar, serial_forest,
          infiniplex_forest_clump_small, infiniplex_forest_clump_cross,
          infiniplex_forest_join, infiniplex_forest_lined_1,
          infiniplex_forest_lined_2, uniq_sigmund
D:3:      layout_loops_cross, serial_shops, nicolae_shop_trees, uniq_ijyb

Skill      XL: |  1  2  3  4  5 |
---------------+----------------+-----
Ranged Weapons | 4 5 |  5.1
Fighting       | 3 |  3.2
Dodging        | 4 |  4.0
Armour         | 1 |  1.0
Stealth        | |  0.7

Action                     |  1- 3 |  4- 6 || total
---------------------------+-------+-------++-------
   Fire: Shortbow          |    85 |    95 ||   180
    Use: Scroll            |     3 |     3 ||     6
         Potion            |       |     2 ||     2
 Armour: Leather armour    |    25 |    25 ||    50
         Robe              |       |    10 ||    10
  Dodge: Dodged            |    16 |    31 ||    47

Table legend:
 A = Non-vault XP
 B = Vault XP
 C = Vault XP percentage of total XP
 D = Non-vault monster count
 E = Vault monster count
 F = Vault count percentage of total count
                 A         B        C        D         E       F
            +---------+---------+-------+---------+---------+-------
      Total |     258 |     226 |  46.7 |      55 |       1 |   1.8
            +---------+---------+-------+---------+---------+-------
        D:1 |      48 |       0 |   0.0 |      26 |       0 |   0.0
        D:2 |     189 |     226 |  54.5 |      23 |       1 |   4.2
        D:3 |      21 |       0 |   0.0 |       6 |       0 |   0.0
            +---------+---------+-------+---------+---------+-------
